 Dungeon Crawl Stone Soup version 0.18.1-8-gdd0e5ea (console) character file.

53 Comborobbing the Ducker (level 3, 12/16 HPs)
             Began as a Felid Transmuter on June 12, 2016.
             Was an Initiate of Ashenzari.
             Quit the game on level 3 of the Dungeon.
             The game lasted 00:08:37 (3150 turns).

Comborobbing the Ducker (Felid Transmuter)          Turns: 3150, Time: 00:08:38

Health: 12/16      AC:  1    Str:  6    XL:     3   Next: 64%
Magic:  7/7        EV: 19    Int: 14    God:    Ashenzari [......]
Gold:   57         SH:  0    Dex: 17    Spells: 3 memorised, 1 level left
                                        Lives:  0   Deaths: 1

rFire  . . .     SeeInvis +       - Unarmed
rCold  . . .     Gourm    .     (armour unavailable)
rNeg   . . .     Faith    .     (shield unavailable)
rPois  .         Spirit   .     (helmet unavailable)
rElec  .         Dismiss  .     (cloak unavailable)
rCorr  .         Reflect  .     (gloves unavailable)
SustAt .         Harm     .     (boots unavailable)
MR     .....                    (no amulet)
Stlth  ++........               (no ring)
                                m - ring of wizardry

@: quick, not resistant to hostile enchantments, unstealthy
A: no armour, no weapons or thrown items, claws 1, fangs 3, see invisible,
carnivore 3, speed 1, shaggy fur 1, slow metabolism 1, sharp paws
a: Curse Item, Renounce Religion


You were on level 3 of the Dungeon.
You worshipped Ashenzari.
Ashenzari was noncommittal.
You were not hungry.

You visited 1 branch of the dungeon, and saw 3 of its levels.

You collected 57 gold pieces.

Inventory:

Missiles
 a - 12 arrows
Jewellery
 m - a ring of wizardry (left paw)
Scrolls
 d - a scroll of remove curse
 e - 3 scrolls of identify {unknown}
 f - a scroll of amnesia {unknown}
 g - a scroll of enchant armour {unknown}
 j - 2 scrolls of noise {unknown}
 k - a scroll of fear {unknown}
 p - a scroll of magic mapping {unknown}
Potions
 h - a potion of curing {unknown}
 i - a potion of lignification {unknown}
 n - a potion of flight {unknown}
Books
 b - a book of Changes

   Spells                             Type                      Level
   a - Beastly Appendage              Transmutation                1
   b - Sticks to Snakes               Transmutation                2
   c - Spider Form                    Transmutation/Poison         3
   d - Ice Form                       Ice/Transmutation            4
   e - Blade Hands                    Transmutation                5
Comestibles
 c - a meat ration
 l - a beef jerky
 o - a chunk of flesh


   Skills:
 + Level 1.7 Fighting
 + Level 3.9 Dodging
 + Level 0.8 Stealth
 + Level 3.6 Unarmed Combat
 + Level 2.6 Spellcasting
 + Level 3.0 Transmutations


You had one spell level left.
You knew the following spells:

 Your Spells              Type           Power        Failure   Level  Hunger
a - Beastly Appendage     Trmt           ##....       4%          1    #......
b - Sticks to Snakes      Trmt           ##......     4%          2    ###....
c - Spider Form           Trmt/Pois      #.........   16%         3    ###....


Dungeon Overview and Level Annotations

Branches:
Dungeon (3/15)

Altars:
Ashenzari
Nemelex Xobeh

Annotations:
D:3 Grinder, Terence


Innate Abilities, Weirdness & Mutations

You cannot wear armour.
You are incapable of wielding weapons or throwing items.
You have sharp claws.
You have razor-sharp teeth.
You have supernaturally acute eyesight.
You are carnivorous and can eat meat at any time.
You cover ground quickly.
You are covered in fur (AC +1).
You have a slow metabolism.
Your sharp claws are effective at attacking unaware monsters.


Message History

The jackal is heavily wounded.
The jackal completely misses you. The jackal barely misses you.
You scratch the jackal.
You kill the jackal!
The goblin shoots a stone.
The stone hits you.
You see here a jackal corpse.
You scratch the goblin. Your headbutt misses the goblin.
The goblin is severely wounded.
The goblin unwields an uncursed hunting sling.
The goblin wields an uncursed club.
The goblin closely misses you.
You scratch the goblin.
You kill the goblin!
Your Transmutations skill increases to level 3!
You scratch the jackal.
You kill the jackal!
Items here: ( )) †† an uncursed club; an uncursed hunting sling; 12 stones; a jackal corpse a goblin corpse Your horns disappear.
Are you sure you want to abandon this character and quit the game? (Confirm with "yes".)

...........# #
...........#..#
...........#..#
#............# ###
#..........# ..#
#.......#.## #.#
#.......#.# #####.###
#.......#.# #........
#(.....@# ######........
#†......#g #............
#.......#.##.#.#........
#######)#...............
#†#..####.####....
#(#..##.....##.... ...
#.#..#.......#.### ...
####.#..#.......#.## ..
............_......##


There were no monsters in sight!

Vanquished Creatures
  4 adders (D:2)
  4 worms
  A dart slug (D:3)
  A giant gecko (D:1)
  An orc (D:2)
  8 bats
  4 giant cockroaches
  6 hobgoblins
  6 jackals
  6 kobolds
  2 quokkas (D:3)
  4 giant newts
  3 goblins
  5 rats
55 creatures vanquished.

Notes
Turn   | Place    | Note
--------------------------------------------------------------
     0 | D:1      | Comborobbing the Felid Transmuter began the quest for the Orb.
     0 | D:1      | Reached XP level 1. HP: 9/9 MP: 4/4
   107 | D:1      | You fall through a shaft!
   111 | D:2      | Found a shattered altar of Ashenzari.
   122 | D:2      | Reached XP level 2. HP: 8/12 MP: 6/6
   588 | D:2      | Became a worshipper of Ashenzari the Shackled
   592 | D:2      | Learned a level 2 spell: Sticks to Snakes
   670 | D:2      | Reached XP level 3. HP: 13/15 MP: 5/7
  2054 | D:2      | Reached XP level 4. HP: 19/19 MP: 6/8
  2427 | D:3      | Found a sparkling altar of Nemelex Xobeh.
  2751 | D:2      | Learned a level 3 spell: Spider Form
  2880 | D:3      | Noticed Terence
  3095 | D:3      | Noticed Grinder
  3105 | D:3      | Paralysed by Grinder for 3 turns
  3108 | D:3      | Slain by a hobgoblin
  3109 | D:3      | Reached XP level 3. HP: -3/15 MP: 7/7
  3150 | D:3      | Quit the game

Skill      XL: |  1  2  3 |
---------------+----------+-----
Dodging        | 3 |  3.9
Transmutations | 3 |  3.0
Fighting       | |  1.7
Stealth        | |  0.8
Unarmed Combat | |  3.6
Spellcasting   | |  2.6

Action                   |  1- 3 |  4- 6 || total
-------------------------+-------+-------++-------
Melee: Unarmed           |   115 |    60 ||   175
       Bite              |     5 |     8 ||    13
       Headbutt          |    12 |    10 ||    22
       Punch             |     1 |     2 ||     3
 Cast: Beastly Appendage |    12 |     8 ||    20
 Stab: Distracted        |     1 |     1 ||     2
       Sleeping          |     5 |       ||     5
  Eat: Chunk             |    10 |     2 ||    12
Armor: Skin              |    10 |     5 ||    15
Dodge: Dodged            |   108 |    37 ||   145
